 Dungeon Crawl Stone Soup version 0.30-a0-381-g6ea064c7b4 (webtiles) character file.

Game seed: 17946344910529662406

107 PyroL the Grave Robber (level 4, 0/30 HPs)
             Began as a Demonspawn Necromancer on Dec 2, 2022.
             Slain by a gnoll
             ... wielding a +0 club
              (3 damage)
             ... on level 3 of the Dungeon.
             The game lasted 00:03:59 (2320 turns).

PyroL the Grave Robber (Demonspawn Necromancer)     Turns: 2320, Time: 00:04:00

Health: 0/30       AC:  3    Str:  9    XL:     4   Next: 57%
Magic:  3/9        EV: 12    Int: 18    God:
Gold:   237        SH:  0    Dex: 13    Spells: 1/9 levels left

rFire   . . .      SeeInvis .    e - +0 long sword
rCold   + . .      Faith    .    (no shield)
rNeg    . . .      Spirit   .    y - +1 robe {rC+}
rPois   +          Reflect  .    (no helmet)
rElec   .          Harm     .    (no cloak)
rCorr   .          Rampage  .    (no gloves)
Will    .....                    (no boots)
Stlth   ++........               (no amulet)
HPRegen 0.25/turn                c - ring of poison resistance
MPRegen 0.11/turn                m - +4 ring of slaying

@: animating dead
A: hooves 1, demonic magic 1
a: no special abilities


You were on level 3 of the Dungeon.
You visited 1 branch of the dungeon, and saw 3 of its levels.

You collected 237 gold pieces.

Inventory:

Hand Weapons
 e - a +0 long sword (weapon)
Missiles
 d - 5 javelins
 v - 5 boomerangs
Armour
 y - a +1 robe of cold resistance (worn)
Jewellery
 c - a ring of poison resistance (left hand)
 m - a +4 ring of slaying (right hand)
Wands
 q - a wand of polymorph (7)
 s - a wand of acid (4)
 w - a wand of digging (7)
Scrolls
 g - 2 scrolls of butterflies {unknown}
 j - 3 scrolls of teleportation
 k - a scroll of amnesia {unknown}
 l - a scroll of identify {unknown}
 o - a scroll of torment {unknown}
 r - a scroll of blinking {unknown}
 u - a scroll of summoning {unknown}
 x - a scroll of silence {unknown}
Potions
 b - a potion of magic
 f - 3 potions of heal wounds {unknown}
 h - a potion of lignification {unknown}
 i - a potion of haste {unknown}
 n - a potion of mutation {unknown}
 p - 2 potions of degeneration {unknown}
 t - a potion of curing {unknown}


   Skills:
 - Level 1.7 Dodging
 - Level 1.7 Stealth
 + Level 3.4 Spellcasting
 + Level 5.6 Necromancy


You had one spell level left.
You knew the following spells:

 Your Spells              Type           Power      Damage    Failure   Level
a - Necrotise             Necr           92%        1d8       1%          1
b - Vampiric Draining     Necr           23%        2d7       4%          3
c - Animate Dead          Necr           23%        N/A       16%         4

Your spell library contained the following spells:

 Spells                   Type           Power      Damage    Failure   Level
 Agony                    Necr           23%        N/A       41%         5


Dungeon Overview and Level Annotations

Branches:
Dungeon (3/15)

Altars:

Annotations:
D:3 1 runed translucent door, Crazy Yiuf


Innate Abilities, Weirdness & Mutations

You have large cloven feet.
Spells you cast may paralyse adjacent enemies.


Message History

Casting: Animate Dead (extremely dangerous; 16% risk of failure)
Confirm with . or Enter, or press ? or * to list all spells.
Aiming: Necrotise (safe; 1% risk of failure)
Press: ? - help, Shift-Dir - straight line, f/p - gnoll
Aim: a gnoll, wielding a +0 club (chance to affect: 87%)
The gnoll writhes in agony!
Malevolent energies surge around you.
You hit the gnoll. Your kick misses the gnoll.
The gnoll is severely wounded.
The gnoll closely misses you.
You barely miss the gnoll. Your kick misses the gnoll.
The gnoll is severely wounded.
The gnoll hits you with a +0 flail! The gnoll closely misses you.
Sorry, you're not good enough to have a special ability.
You closely miss the gnoll. You kick the gnoll.
The gnoll is severely wounded.
The gnoll hits you but does no damage. The gnoll barely misses you.
The gnoll completely misses you. The gnoll barely misses you.
The gnoll hits you with a +0 club.
* * * LOW HITPOINT WARNING * * *
The gnoll hits you from afar with a +0 spear.
* * * LOW HITPOINT WARNING * * *
Casting: Necrotise (safe; 1% risk of failure)
Confirm with . or Enter, or press ? or * to list all spells.
Okay, then.
The gnoll attacks as you move away! The gnoll barely misses you.
Casting: Necrotise (safe; 1% risk of failure)
Confirm with . or Enter, or press ? or * to list all spells.
Aiming: Necrotise (safe; 1% risk of failure)
Press: ? - help, Shift-Dir - straight line, f - gnoll, p - gnoll
Aim: a gnoll, wielding a +0 flail (severely wounded, chance to affect: 87%)
The gnoll writhes in agony.
You kill the gnoll!
Malevolent energies surge around you.
The dead are walking!
Sorry, you're not good enough to have a special ability.
You slash the gnoll! Your kick misses the gnoll.
The gnoll is almost dead.
The gnoll hits you from afar with a +0 spear.
* * * LOW HITPOINT WARNING * * *
The gnoll hits you with a +0 club.
You die...

.#####.# #..!.
#...)..... .# #.# ##...
###†####.. .# #.# #....
#.# #.. .# ### ... #.#
#.. .# ... #.# #.. ##
##.# #.# #.. # #..# #.#
#.. # ##
#g###########.# #.< #
#.###g@Z.........####..
#
#.#.#########.........
# #............######.#
# #.#################.#
# #......# #...[...# #
######.# #.####### #
#.# #.# # # #.# #.# # #
#.# #.# #


You could see 2 gnolls and a friendly gnoll zombie.

Vanquished Creatures
  A gnoll (D:3)
  4 adders
  4 dart slugs
  3 orcs (D:1)
  3 bats
  7 endoplasms
  6 giant cockroaches
  2 goblins
  2 hobgoblins
  2 quokkas
  3 ball pythons (D:2)
  3 frilled lizards
  A kobold (D:3)
  12 rats
53 creatures vanquished.

Notes
Turn   | Place    | Note
-------+----------+-------------------------------------------
     0 | D:1      | PyroL the Demonspawn Necromancer began the quest for the
                  | Orb.
     0 | D:1      | Reached XP level 1. HP: 13/13 MP: 3/3
   398 | D:1      | Gained mutation: You have large cloven feet. [demonic
                  | ancestry]
   398 | D:1      | Reached XP level 2. HP: 19/19 MP: 3/5
  1178 | D:1      | Reached skill level 5 in Necromancy
  1178 | D:1      | Reached XP level 3. HP: 12/24 MP: 4/7
  1243 | D:2      | Learned a level 3 spell: Vampiric Draining
  1561 | D:2      | Gained mutation: Spells you cast may paralyse adjacent
                  | enemies. [demonic ancestry]
  1561 | D:2      | Reached XP level 4. HP: 30/30 MP: 8/8
  1720 | D:3      | Found a runed translucent door.
  1721 | D:3      | Noticed Crazy Yiuf
  1729 | D:3      | Learned a level 4 spell: Animate Dead
  2320 | D:3      | Slain by a gnoll

Illustrated notes

Levels and vault maps discovered:
D:1:      kilobyte_arrival_exit_the_forest, layout_loops_ring,
          minmay_rat_gold_closets
D:2:      layout_rooms
D:3:      layout_loops_ring, gammafunk_temple_overflow_pools,
          chequers_serial_rivers_micro_c, uniq_crazy_yiuf_cottage

Skill      XL: |  1  2  3 |
---------------+----------+-----
Necromancy     | 5 |  5.6
Spellcasting   | 3 |  3.4
Dodging        | |  1.7
Stealth        | |  1.7

Action                   |  1- 3 |  4- 6 || total
-------------------------+-------+-------++-------
Melee: Long sword        |    29 |    14 ||    43
       Kick              |     4 |     4 ||     8
 Cast: Necrotise         |    49 |    15 ||    64
       Animate Dead      |       |     2 ||     2
  Use: Scroll            |       |     1 ||     1
 Stab: Sleeping          |     3 |     1 ||     4
Armor: Robe              |     6 |     3 ||     9
Dodge: Dodged            |    25 |    16 ||    41

Table legend: (Time is in decaauts)
 A = Elapsed time spent in this place.
 B = Non-inter-level travel time spent in this place.
 C = Inter-level travel time spent in this place.
 D = Time resting spent in this place.
 E = Time spent auto-exploring this place.
 F = Levels seen in this place.
 G = Mean time per level.
                   A        B        C        D        E       F      G
               +--------+--------+--------+--------+--------+-----+--------+
         Total |   2337 |   2267 |     70 |     40 |   1806 |   3 |  779.0 |
       Dungeon |   2337 |   2267 |     70 |     40 |   1806 |   3 |  779.0 |
               +--------+--------+--------+--------+--------+-----+--------+

Top non-repeatable levels by time:
     D:1: 1211 daAuts
     D:3: 613 daAuts
     D:2: 512 daAuts
